 Dungeon Crawl Stone Soup version 0.28-a0-1510-gd0f6b136d3 (webtiles) character file.

Game seed: 3583027481807195812

2 Goblin1989 the Sneak (level 1, 0/18 HPs)
             Began as a Demonspawn Delver on Jan 14, 2022.
             Succumbed to an adder's poison
             ... on level 3 of the Dungeon.
             The game lasted 00:01:58 (204 turns).

Goblin1989 the Sneak (Demonspawn Delver)             Turns: 204, Time: 00:01:58

Health: 0/18       AC:  3    Str: 12    XL:     1   Next: 33%
Magic:  1/1        EV: 15    Int: 11    God:
Gold:   2          SH:  0    Dex: 14    Spells: 0/0 levels left

rFire   . . .      SeeInvis .   a - +0 mace
rCold   . . .      Faith    .   (no shield)
rNeg    . . .      Spirit   .   b - +0 leather armour
rPois   +          Reflect  .   (no helmet)
rElec   .          Harm     .   (no cloak)
rCorr   .          Rampage  .   (no gloves)
Will    .....                   (no boots)
Stlth   ++........              (no amulet)
HPRegen 0.06/turn               j - ring of poison resistance
MPRegen 0.07/turn               k - +4 ring of evasion

@: lethally poisoned (0 -> -8)
A: no striking features
a: no special abilities


You were on level 3 of the Dungeon.
You visited 1 branch of the dungeon, and saw 3 of its levels.

You collected 2 gold pieces.

Inventory:

Hand Weapons
 a - a +0 mace (weapon)
Armour
 b - a +0 leather armour (worn)
Jewellery
 j - a ring of poison resistance (left hand)
 k - a +4 ring of evasion (right hand)
Wands
 g - a wand of digging (3) {@v3}
Scrolls
 c - a scroll of fog
 d - a scroll of magic mapping
 h - a scroll of identify {unknown}
 i - a scroll of noise {unknown}


   Skills:
 - Level 3.0 Fighting
 + Level 2.0 Maces & Flails
 - Level 1.7 Dodging
 - Level 4.5 Stealth


You couldn't memorise any spells.
You didn't know any spells.
Your spell library was empty.

Dungeon Overview and Level Annotations

Branches:
Dungeon (5/15)
 Temple: D:4-7

Altars:


Message History

There is an open door here.
You see here a +0 robe.
Found a stone staircase leading down.
You hear the slow rusting of a distant drain.
A giant cockroach comes into view.
The giant cockroach bites you but does no damage.
The giant cockroach bites you but does no damage.
You hit the giant cockroach.
The giant cockroach is heavily wounded.
The giant cockroach bites you. x2
You take 2 damage, and have 16/18 hp.
You hit the giant cockroach.
You kill the giant cockroach!
You see here a giant cockroach corpse.
You open the door.
An adder comes into view.
You close the door.
You open the door.
There is an open door here.
Health restored: 18 You open the door. 3 gnolls come into view.
The gnoll shouts! x2; You hear an angry hiss.
A gnoll comes into view. It is wielding a +0 flail.
The gnoll moves out of view. x2
Found a stone staircase leading up.
The gnoll shouts!
You hear the rusting of a very distant drain.
You closely miss the gnoll. The gnoll completely misses you.
You hit the gnoll.
The gnoll is moderately wounded.
The gnoll hits you with a +0 whip. The gnoll barely misses you.
You take 5 damage, and have 13/18 hp.
MASSIVE DAMAGE!!
You hit the gnoll.
The gnoll is severely wounded.
The gnoll hits you with a +0 whip.
You take 4 damage, and have 9/18 hp.
MASSIVE DAMAGE!!
You closely miss the gnoll.
The gnoll is severely wounded.
The gnoll barely misses you.
You hit the gnoll but do no damage.
The gnoll is severely wounded.
The gnoll closely misses you. The gnoll hits you with a +0 whip.
* * * LOW HITPOINT WARNING * * *
You take 5 damage, and have 4/18 hp.
MASSIVE DAMAGE!!
You feel yourself speed up. The gnoll completely misses you.
You open the door.
There is an open door here.
There is a stone staircase leading up here.
You climb upwards.
There is a stone staircase leading down here.
A giant cockroach is nearby!
Found a ring mail.
Found a book of Dangerous Friends.
An ogre comes into view. It is wielding a +0 giant spiked club.
The ogre moves out of view.
The helpless giant cockroach fails to defend itself.
You hit the giant cockroach but do no damage.
The giant cockroach bites you.
* * * LOW HITPOINT WARNING * * *
You take 2 damage, and have 3/18 hp.
You sock the giant cockroach!
You kill the giant cockroach!
Your Maces & Flails skill increases to level 2!
You see here a giant cockroach corpse.
As you read the scroll of fear, it crumbles to dust.
You assume a fearsome visage.
The ogre looks frightened!
The ogre howls, "Help!"
Your extra speed is starting to run out.
Found a scroll labelled CUMUTU NUOTIGG.
Found a stone staircase leading down.
A hobgoblin comes into view.
You feel yourself slow down.
A worm comes into view.
A frilled lizard comes into view.
Found a runed ruby ring.
The frilled lizard hisses angrily.
An adder comes into view.
You see here a ring of poison resistance.
j - a ring of poison resistance The adder hisses angrily.
The adder bites you but does no damage. The adder barely misses you.
j - a ring of poison resistance (left hand)
The adder closely misses you.
Found a coral ring.
A jackal comes into view.
The adder closely misses you.
Found a scroll labelled BEOS XIEJ REWK.
The adder bites you.
* * * LOW HITPOINT WARNING * * *
You take 4 damage, and have 2/18 hp.
MASSIVE DAMAGE!!
You see here a +4 ring of evasion.
k - a +4 ring of evasion The adder bites you.
* * * LOW HITPOINT WARNING * * *
You are lethally poisoned!
The adder poisons you!
You take 1 damage, and have 1/18 hp.
k - a +4 ring of evasion (right hand)
You die...

..██.██....██l█........
█.██.██.............██
..█.......██g.......█
██..:.█....█████.█.█..█
...........█ █l█.█
..[.........████...████
..†....████.....g....?█
.......█ ██████S████..█
.......█ █....@.......
.......█ █..........█.
.......█ █..........█
...O...█ █..........█
████...█ █..........█
█>..█


████████████ █████ You could see an adder, a hobgoblin and a frilled lizard.

Vanquished Creatures
  2 giant cockroaches
2 creatures vanquished.

Notes
Turn   | Place    | Note
-------+----------+-------------------------------------------
     0 | D:5      | Goblin1989 the Demonspawn Delver began the quest for the
                  | Orb.
     0 | D:5      | Reached XP level 1. HP: 18/18 MP: 1/1
   139 | D:3      | Noticed an ogre
   204 | D:3      | Succumbed to an adder's poison

Illustrated notes

Levels and vault maps discovered:
D:3:      layout_rooms, serial_shops, nicolae_shop_advertising_works
          [nicolae_subvault_shop_adworks]
D:4:      layout_gridville, ashenzari_altar_1, cheibrodos_sewer_entry_bend
D:5:      layout_rooms, old_standard_altar, mainiacjoe_overflow_brackets

Skill      XL: |  1 |
---------------+----+-----
Maces & Flails | 2 |  2.0
Fighting       | |  3.0
Dodging        | |  1.7
Stealth        | |  4.5

Action                   || total
-------------------------++-------
Melee: Mace              ||     9
  Use: Scroll            ||     1
       Potion            ||     1
 Stab: Sleeping          ||     1
Armor: Leather armour    ||     3
Dodge: Dodged            ||     8

Table legend: (Time is in decaauts)
 A = Elapsed time spent in this place.
 B = Non-inter-level travel time spent in this place.
 C = Inter-level travel time spent in this place.
 D = Time resting spent in this place.
 E = Time spent auto-exploring this place.
 F = Levels seen in this place.
 G = Mean time per level.
                   A        B        C        D        E       F      G
               +--------+--------+--------+--------+--------+-----+--------+
         Total |    187 |    187 |      0 |      0 |      0 |   3 |   62.3 |
       Dungeon |    187 |    187 |      0 |      0 |      0 |   3 |   62.3 |
               +--------+--------+--------+--------+--------+-----+--------+

Top non-repeatable levels by time:
     D:4: 125 daAuts
     D:3: 57 daAuts
     D:5: 5 daAuts
